 Dungeon Crawl Stone Soup version 0.30-a0-241-g1121274140 (webtiles) character file.

Game seed: 431574904796736108

3663 gzilladon the Blocker (level 10, -1/72 (82) HPs)
             Began as a Gnoll Fighter on Oct 10, 2022.
             Was an Initiate of Yredelemnul.
             Slain by an ice devil (7 damage)
             ... summoned by a kobold demonologist
             ... on level 9 of the Dungeon.
             The game lasted 00:35:59 (8856 turns).

gzilladon the Blocker (Gnoll Fighter)               Turns: 8856, Time: 00:35:59

HP:   -1/72 (82)    AC: 20    Str: 19    XL:     10   Next: 12%
MP:   17/17         EV:  7    Int:  9    God:    Yredelemnul [......]
Gold: 47            SH:  6    Dex: 13    Spells: 19/19 levels left

rFire   + . .      SeeInvis .    s - +9 spear of Fin Dutz {venom, rC+ Dex+2}
rCold   + . .      Faith    .    c - +0 buckler
rNeg    . . .      Spirit   .    M - +2 plate armour {rF+}
rPois   .          Reflect  .    A - +1 helmet
rElec   .          Harm     .    I - +0 cloak
rCorr   .          Rampage  .    t - +0 pair of gloves
Will    .....                    (no boots)
Stlth   ..........               O - amulet of regeneration
HPRegen 1.12/turn                (no ring)
MPRegen 0.15/turn                (no ring)

@: heavily drained
A: fangs 1, strong nose, distributed training
a: Renounce Religion, Recall Undead Harvest


You were on level 9 of the Dungeon.
You worshipped Yredelemnul.
Yredelemnul was noncommittal.
You visited 2 branches of the dungeon, and saw 10 of its levels.

You collected 515 gold pieces.
You spent 468 gold pieces at shops.

Inventory:

Hand Weapons
 a - a +0 war axe
 s - the +9 spear of Fin Dutz (weapon) {venom, rC+ Dex+2}
   (You found it on level 3 of the Dungeon)

   It poisons the flesh of those it strikes.
   Dex:       It affects your dexterity (+2).
   rC:        It protects you from cold.
Missiles
 g - 94 stones (quivered)
 j - 4 atropa-tipped darts
 v - 9 poisoned darts
 x - 2 javelins
 C - 3 throwing nets
Armour
 b - a +0 scale mail
 c - a +0 buckler (worn)
 m - a +0 chain mail
 t - a +0 pair of gloves (worn)
 w - a +0 helmet
 A - a +1 helmet (worn)
 D - a +0 plate armour
 I - a +0 cloak (worn)
 M - a +2 plate armour of fire resistance (worn)
Magical Staves
 E - a staff of poison
 N - a staff of death
Jewellery
 f - a ring of ice
 z - a ring of resist corrosion
 O - an amulet of regeneration (around neck)
Wands
 n - a wand of flame (27)
 H - a wand of iceblast (5)
Scrolls
 h - 7 scrolls of identify
 k - 3 scrolls of enchant armour {unknown}
 p - a scroll of blinking {unknown}
 y - 2 scrolls of amnesia
 B - a scroll of poison {unknown}
 F - a scroll of magic mapping {unknown}
 J - 3 scrolls of teleportation {unknown}
 K - a scroll of summoning {unknown}
 L - a scroll of butterflies {unknown}
Potions
 d - a potion of might
 e - 7 potions of curing
 i - 6 potions of heal wounds {unknown}
 l - 3 potions of invisibility {unknown}
 o - 3 potions of lignification {unknown}
 q - a potion of brilliance {unknown}
 r - 3 potions of haste {unknown}
 u - a potion of ambrosia {unknown}
 G - 3 potions of degeneration {unknown}


   Skills:
 + Level 8.4 Fighting
 + Level 5.1 Short Blades
 + Level 5.1 Long Blades
 + Level 7.0 Axes
 + Level 5.1 Maces & Flails
 + Level 5.1 Polearms
 + Level 5.1 Staves
 + Level 5.1 Ranged Weapons
 + Level 5.1 Throwing
 + Level 8.4 Armour
 + Level 5.1 Dodging
 + Level 5.1 Stealth
 + Level 8.4 Shields
 + Level 5.1 Unarmed Combat
 + Level 5.1 Spellcasting
 + Level 4.2 Conjurations
 + Level 4.2 Hexes
 + Level 4.2 Summonings
 + Level 4.2 Necromancy
 + Level 4.2 Translocations
 + Level 4.2 Transmutations
 + Level 4.2 Fire Magic
 + Level 4.2 Ice Magic
 + Level 4.2 Air Magic
 + Level 4.2 Earth Magic
 + Level 4.2 Poison Magic
 + Level 5.6 Invocations
 + Level 5.1 Evocations


You had 19 spell levels left.
You didn't know any spells.
Your spell library contained the following spells:

 Spells                   Type           Power      Damage    Failure   Level
 Sublimation of Blood     Necr           10%        N/A       87%         2
 Wereblood                Tmut           10%        N/A       87%         2
 Summon Hydra             Summ           5%         N/A       100%        7


Dungeon Overview and Level Annotations

Branches:
Dungeon (9/15)             Temple (1/1) D:5            Lair (0/5) D:8
    Orc: D:9-12

Altars:
Ashenzari
Cheibriados
Dithmenos
Fedhas
Gozag
Hepliaklqana
Kikubaaqudgha
Makhleb
Okawaru
Qazlal
Ru
Trog
Uskayaw
Vehumet
Wu Jian
Xom
Yredelemnul
The Shining One

Shops:
D:4 (   D:8 [


Innate Abilities, Weirdness & Mutations

You have very sharp teeth.
Your uncanny sense of smell can sniff out nearby items.
Your experience applies equally to all skills.


Message History

You block the wight's attack.
The orc warrior hits you from afar with a +0 trident!
* * * LOW HITPOINT WARNING * * *
You block the wight's attack.
You barely miss the wight.
The wight is severely damaged.
The orc hits you but does no damage. You block the orc warrior's attack.
The wight hits you but does no damage. x2; You block the wight's attack.
You barely miss the orc wizard. The wight hits you but does no damage.
The orc warrior hits you but does no damage.
The wight hits you with a +0 hand axe.
* * * LOW HITPOINT WARNING * * *
You feel drained. The orc hits you with a +0 flail.
* * * LOW HITPOINT WARNING * * *
The orc wizard hits you but does no damage.
The wight hits you with a +0 morningstar!
* * * LOW HITPOINT WARNING * * *
Unknown command.
You barely miss the orc wizard. Your bite misses the orc wizard.
The ice devil barely misses you.
You puncture the orc wizard!
The orc wizard is heavily wounded.
The orc closely misses you. The wight hits you but does no damage.
The orc barely misses you. The orc wizard barely misses you.
The wight hits you but does no damage.
The orc warrior hits you but does no damage.
The wight hits you but does no damage.
The ice devil hits you but does no damage.
As you read the scroll labelled COTILOURO, it crumbles to dust.
It is a scroll of identify.
y - 2 scrolls of amnesia The wight barely misses you.
The orc barely misses you. The wight completely misses you.
The orc hits you but does no damage.
The orc warrior hits you from afar with a +0 trident.
* * * LOW HITPOINT WARNING * * *
The orc wizard hits you with a +0 dagger.
* * * LOW HITPOINT WARNING * * *
You block the wight's attack. The ice devil hits you!
You die...
Your body rises from the dead as a mindless zombie.

#...#...#....
#...#...#....
###...#####....
#..............
#..............
#...###########
##########...#
.....5oz)....#
5....oz@o....#
....)54zo....+
.....o.K.....#
.............#
.............#
.............#
#####........#
#.........


You could see an ice devil (summoned), a kobold demonologist, an orc warrior, 3
wights, an orc wizard, a quasit (summoned), a crimson imp (summoned), 3 orcs and
an ufetubus (summoned).

Vanquished Creatures
  A two-headed ogre (D:8)
  Joseph (D:8)
  A komodo dragon (D:8)
  Sigmund (D:2)
  An orc warrior (D:7)
  2 sky beasts (D:7)
  3 centaurs
  3 bullfrogs
  2 kobold brigands
  A gnoll sergeant (D:5)
  3 scorpions
  2 wights (D:9)
  A howler monkey (D:7)
  3 orc priests
  4 hounds
  3 jellies (D:6)
  2 gnoll boudas
  Natasha (thrice) (D:2)
  2 iguanas
  3 orc wizards
  Robin (D:4)
  18 gnolls
  9 adders
  3 white imps
  An ufetubus (D:7)
  3 worms
  2 dart slugs (D:1)
  16 orcs
  5 ball pythons
  8 bats
  4 endoplasms
  2 giant cockroaches
  21 goblins
  9 hobgoblins
  5 jackals
  15 kobolds
  A quokka (D:5)
  4 frilled lizards
  4 rats
  2 bushes (D:2)
175 creatures vanquished.

Vanquished Creatures (collateral kills)
  A phantom (D:6)
  An orc priest (D:8)
  A hound (D:6)
  An ufetubus (D:7)
  3 orcs
  A butterfly (D:5)
8 creatures vanquished.

Vanquished Creatures (others)
  2 centaur zombies
  A bullfrog zombie (D:9)
  A human zombie (D:8)
  2 hound zombies (D:6)
  An adder zombie (D:6)
  A jelly zombie (D:6)
  A gnoll zombie (D:7)
  6 orc zombies
  33 plants
48 creatures vanquished.

Grand Total: 231 creatures vanquished

Notes
Turn   | Place    | Note
-------+----------+-------------------------------------------
     0 | D:1      | gzilladon the Gnoll Fighter began the quest for the Orb.
     0 | D:1      | Reached XP level 1. HP: 23/23 MP: 1/1
    56 | D:1      | Reached XP level 2. HP: 29/29 MP: 2/2
   632 | D:1      | Reached XP level 3. HP: 33/35 MP: 3/3
   886 | D:2      | Noticed Sigmund
   898 | D:2      | Killed Sigmund
   899 | D:2      | Reached skill level 1 in Short Blades
   899 | D:2      | Reached skill level 1 in Long Blades
   899 | D:2      | Reached skill level 1 in Maces & Flails
   899 | D:2      | Reached skill level 1 in Polearms
   899 | D:2      | Reached skill level 1 in Staves
   899 | D:2      | Reached skill level 1 in Ranged Weapons
   899 | D:2      | Reached skill level 1 in Throwing
   899 | D:2      | Reached skill level 1 in Dodging
   899 | D:2      | Reached skill level 1 in Stealth
   899 | D:2      | Reached skill level 1 in Unarmed Combat
   899 | D:2      | Reached skill level 1 in Spellcasting
   899 | D:2      | Reached skill level 1 in Conjurations
   899 | D:2      | Reached skill level 1 in Hexes
   899 | D:2      | Reached skill level 1 in Summonings
   899 | D:2      | Reached skill level 1 in Necromancy
   899 | D:2      | Reached skill level 1 in Translocations
   899 | D:2      | Reached skill level 1 in Transmutations
   899 | D:2      | Reached skill level 1 in Fire Magic
   899 | D:2      | Reached skill level 1 in Ice Magic
   899 | D:2      | Reached skill level 1 in Air Magic
   899 | D:2      | Reached skill level 1 in Earth Magic
   899 | D:2      | Reached skill level 1 in Poison Magic
   899 | D:2      | Reached skill level 1 in Invocations
   899 | D:2      | Reached skill level 1 in Evocations
   899 | D:2      | Reached XP level 4. HP: 18/41 MP: 4/6
   899 | D:2      | Reached XP level 5. HP: 20/47 MP: 4/7
  1353 | D:2      | You fall into a shaft and drop 1 floor!
  1436 | D:2      | Reached XP level 6. HP: 52/53 MP: 8/8
  1683 | D:2      | Noticed Natasha
  1688 | D:2      | Killed Natasha
  1689 | D:2      | Reached skill level 5 in Axes
  2043 | D:2      | Noticed Natasha
  2051 | D:2      | Killed Natasha
  2292 | D:2      | Noticed Natasha
  2298 | D:2      | Killed Natasha
  2662 | D:3      | Identified the +9 spear of Fin Dutz {venom, rC+ Dex+2}
  3220 | D:4      | Reached XP level 7. HP: 55/60 MP: 10/10
  3322 | D:4      | Found Ageim Keom's Weapon Shop.
  3589 | D:4      | Found an ancient bone altar of Kikubaaqudgha.
  3665 | D:4      | Noticed Robin
  3685 | D:4      | Killed Robin
  4016 | D:5      | Entered Level 5 of the Dungeon
  4594 | D:5      | Found a sand-covered staircase.
  4602 | D:5      | Identified the +1 scale mail "Ocuefya" {rF- Int+6}
  4718 | D:5      | Found a staircase to the Ecumenical Temple.
  4732 | Temple   | Entered the Ecumenical Temple
  4885 | Temple   | Became a worshipper of Yredelemnul the Dark
  5159 | D:5      | Reached XP level 8. HP: 67/67 MP: 12/12
  5187 | D:5      | Reached * piety under Yredelemnul
  5618 | D:6      | Reached ** piety under Yredelemnul
  5656 | D:6      | Found a radiant altar of Vehumet.
  5663 | D:6      | Found a shadowy altar of Dithmenos.
  5663 | D:6      | Found a blossoming altar of Fedhas.
  5669 | D:6      | Found an opulent altar of Gozag.
  6327 | D:7      | Reached XP level 9. HP: 48/73 MP: 14/14
  6681 | D:7      | Found a sacrificial altar of Ru.
  7082 | D:8      | Noticed Joseph
  7106 | D:8      | Killed Joseph
  7360 | D:8      | Found Yhaatoo's Antique Armour Shoppe.
  7372 | D:8      | Bought a shiny plate armour for 468 gold pieces
  7384 | D:8      | Found a stormy altar of Qazlal.
  7581 | D:8      | Reached skill level 5 in Invocations
  7648 | D:8      | Noticed a two-headed ogre
  7664 | D:8      | Your ally Joseph died
  7665 | D:8      | Killed a two-headed ogre
  7983 | D:8      | Reached skill level 5 in Short Blades
  7983 | D:8      | Reached skill level 5 in Long Blades
  7983 | D:8      | Reached skill level 5 in Maces & Flails
  7983 | D:8      | Reached skill level 5 in Polearms
  7983 | D:8      | Reached skill level 5 in Staves
  7983 | D:8      | Reached skill level 5 in Ranged Weapons
  7983 | D:8      | Reached skill level 5 in Throwing
  7983 | D:8      | Reached skill level 5 in Dodging
  7983 | D:8      | Reached skill level 5 in Stealth
  7983 | D:8      | Reached skill level 5 in Unarmed Combat
  7983 | D:8      | Reached skill level 5 in Spellcasting
  7983 | D:8      | Reached skill level 5 in Evocations
  8113 | D:8      | Noticed a komodo dragon
  8126 | D:8      | Killed a komodo dragon
  8127 | D:8      | Reached *** piety under Yredelemnul
  8127 | D:8      | Reached XP level 10. HP: 10/82 MP: 17/17
  8714 | D:8      | Found a staircase to the Lair.
  8839 | D:9      | Noticed a kobold demonologist
  8856 | D:9      | Slain by an ice devil

Illustrated notes

Levels and vault maps discovered:
D:1:      eino_arrival_cavern_d, layout_basic, kennysheep_small_spiral,
          minmay_small_reverse_x
D:2:      layout_loops_corners, serial_forest, infiniplex_forest_clump_small,
          infiniplex_forest_clump_tiny, infiniplex_forest_straight_3,
          infiniplex_forest_clump_large, infiniplex_forest_lined_3_way,
          infiniplex_forest_clump_small, infiniplex_forest_split,
          infiniplex_forest_3_way, dk_vineyard_3, uniq_natasha, uniq_sigmund
D:3:      layout_rooms
D:4:      kennysheep_goblin_castle, layout_loops_cross, general_overflow_altar,
          serial_shops, nicolae_square_shop
D:5:      layout_basic, minmay_temple_entry_butterflies,
          lightli_ossuary_entry_decrepit_ruins
D:6:      layout_rooms, minitemple, grunt_decor_one_mirror
D:7:      minmay_inner_zag, layout_basic, nicolae_ru_sacrificial_ziggurat
D:8:      layout_gridville, grunt_qazlal_sundering, david_lair_shrubbed,
          serial_shops, nicolae_shop_advertising_works
          [nicolae_subvault_shop_adworks], uniq_joseph
D:9:      layout_irregular_city
Temple:   oiseaux_autumnal_temple

Skill      XL: |  1  2  3  4  5  6  7  8  9 10 |
---------------+-------------------------------+-----
Short Blades   | 1 2 3 5 |  5.1
Long Blades    | 1 2 3 5 |  5.1
Maces & Flails | 1 2 3 5 |  5.1
Polearms       | 1 2 3 5 |  5.1
Staves         | 1 2 3 5 |  5.1
Ranged Weapons | 1 2 3 5 |  5.1
Throwing       | 1 2 3 5 |  5.1
Dodging        | 1 2 3 5 |  5.1
Stealth        | 1 2 3 5 |  5.1
Unarmed Combat | 1 2 3 5 |  5.1
Spellcasting   | 1 2 3 5 |  5.1
Conjurations   | 1 2 3 4 |  4.2
Hexes          | 1 2 3 4 |  4.2
Summonings     | 1 2 3 4 |  4.2
Necromancy     | 1 2 3 4 |  4.2
Translocations | 1 2 3 4 |  4.2
Transmutations | 1 2 3 4 |  4.2
Fire Magic     | 1 2 3 4 |  4.2
Ice Magic      | 1 2 3 4 |  4.2
Air Magic      | 1 2 3 4 |  4.2
Earth Magic    | 1 2 3 4 |  4.2
Poison Magic   | 1 2 3 4 |  4.2
Invocations    | 1 2 3 4 5 |  5.6
Evocations     | 1 2 3 5 |  5.1
Axes           | 5 6 7 |  7.0
Fighting       | 7 8 |  8.4
Armour         | 7 8 |  8.4
Shields        | 7 8 |  8.4

Action                   |  1- 3 |  4- 6 |  7- 9 | 10-12 || total
-------------------------+-------+-------+-------+-------++-------
Melee: War axe           |    77 |   183 |       |       ||   260
       Bite              |     8 |    16 |    27 |     1 ||    52
       Spear             |       |    16 |   288 |    25 ||   329
  Use: Potion            |       |       |     4 |       ||     4
       Scroll            |       |       |       |     1 ||     1
 Stab: Distracted        |       |       |     1 |       ||     1
Armor: Scale mail        |    29 |       |       |       ||    29
       Chain mail        |     3 |    75 |    71 |       ||   149
       Plate armour      |       |       |   118 |    36 ||   154
Dodge: Dodged            |    34 |    43 |   109 |    18 ||   204
Block: Buckler           |    30 |    53 |   102 |    16 ||   201

Table legend: (Time is in decaauts)
 A = Elapsed time spent in this place.
 B = Non-inter-level travel time spent in this place.
 C = Inter-level travel time spent in this place.
 D = Time resting spent in this place.
 E = Time spent auto-exploring this place.
 F = Levels seen in this place.
 G = Mean time per level.
                   A        B        C        D        E       F      G
               +--------+--------+--------+--------+--------+-----+--------+
         Total |   9162 |   7897 |   1265 |   1518 |      0 |  10 |  916.2 |
       Dungeon |   8944 |   7727 |   1217 |   1518 |      0 |   9 |  993.8 |
        Temple |    218 |    171 |     47 |      0 |      0 |   1 |  218.0 |
               +--------+--------+--------+--------+--------+-----+--------+

Top non-repeatable levels by time:
     D:8: 1841 daAuts
     D:2: 1593 daAuts
     D:5: 1525 daAuts
     D:4: 1006 daAuts
     D:7: 911 daAuts
     D:1: 859 daAuts
     D:3: 635 daAuts
     D:6: 499 daAuts
  Temple: 218 daAuts
     D:9: 72 daAuts
